Warning! The script has encountered some errors when parsing the replay. Please report them to the . » details
0x00, prev: 0x16: 16 02 01 00 C1 5F 00 00 D2 A8 00 00 [00] 00 00 00 00 00 00 00 00 00 00 00 00 00 00 00 00 00 00 00 00 00 00 00 02 00
0x00, prev: 0x00: 16 02 01 00 C1 5F 00 00 D2 A8 00 00 00 00 00 00 00 00 00 00 00 00 00 00 00 00 00 00 00 00 00 00 00 00 [00] 00 02 00
0x00, prev: 0x02: 16 02 01 00 C1 5F 00 00 D2 A8 00 00 00 00 00 00 00 00 00 00 00 00 00 00 00 00 00 00 00 00 00 00 00 00 00 00 02 [00]
General information
- name: BNet
- type: Ladder team game (AT/RT)
- host: Battle.net
- saver: brucewillisusa
map: TwistedMeadows
- players: 4
- length: 32:02
- speed: Fast
- version: 1.23 W3XP
- replay type: Public
» download(132 KB)
Players
team 1 (winner)

»
avid.milk2 (
green | 55 APM | 1765 actions | 32:01)
7 Pandaren Brewmaster
3 Breath of Fire
3 Drunken Haze
1 Storm Earth and Fire
» actions
| Assign group hotkey | 37 | |
| Basic commands | 11 | |
| Build / train | 68 | |
| Enter build submenu | 70 | |
| Enter hero's abilities submenu | 7 | |
| Give item / drop item | 2 | |
| Right click | 897 | |
| Select / deselect | 254 | |
| Select group hotkey | 220 | |
| Use ability | 199 | |
1765 total
» units
» upgrades
| Spiked Barricades | 2 | |
| Ranged Weapons | 1 | |
| Reinforced Defenses | 1 | |
| Liquid Fire | 1 | |
5 total
» buildings
| War Mill | 1 | |
| Orc Burrow | 5 | |
| Watch Tower | 62 | |
| Altar of Storms | 1 | |
| Voodoo Lounge | 4 | |
| Stronghold | 1 | |
| Fortress | 1 | |
| Beastiary | 4 | |
79 total
» build order
00:08 War Mill
00:13 Orc Burrow
01:34 Watch Tower
01:45 Watch Tower
02:12 Watch Tower
02:17 Altar of Storms
02:37 Watch Tower
02:51 Voodoo Lounge
03:09 Watch Tower
03:16 Watch Tower
03:32 Orc Burrow
04:01 Watch Tower
04:10 Watch Tower
04:15 Watch Tower
04:40 Orc Burrow
04:47 Watch Tower
05:16 Watch Tower
05:19 Watch Tower
06:17 Watch Tower
06:20 Watch Tower
06:21 Watch Tower
07:04 Watch Tower
07:05 Watch Tower
07:12 Watch Tower
07:19 Voodoo Lounge
07:26 Watch Tower
08:35 Watch Tower
08:36 Watch Tower
08:40 Watch Tower
09:26 Stronghold
09:53 Watch Tower
09:55 Watch Tower
09:55 Watch Tower
10:00 Watch Tower
10:00 Watch Tower
10:09 Watch Tower
10:09 Watch Tower
11:01 Watch Tower
11:02 Watch Tower
11:14 Watch Tower
11:22 Watch Tower
11:24 Watch Tower
12:03 Watch Tower
12:04 Watch Tower
12:06 Watch Tower
12:13 Watch Tower
12:14 Watch Tower
12:26 Fortress
12:31 Watch Tower
13:12 Watch Tower
13:14 Watch Tower
14:11 Watch Tower
14:11 Watch Tower
14:14 Watch Tower
14:15 Watch Tower
14:15 Watch Tower
14:16 Watch Tower
14:17 Watch Tower
14:18 Watch Tower
14:18 Watch Tower
14:19 Watch Tower
14:19 Watch Tower
14:21 Watch Tower
14:22 Watch Tower
14:51 Beastiary
14:56 Beastiary
14:58 Beastiary
15:00 Beastiary
15:06 Watch Tower
15:07 Watch Tower
15:28 Watch Tower
18:47 Orc Burrow
18:48 Orc Burrow
18:54 Watch Tower
18:54 Watch Tower
18:55 Watch Tower
18:56 Watch Tower
29:25 Voodoo Lounge
29:26 Voodoo Lounge
» items
| Boots of Speed | 1 | |
| Staff of Teleportation | 1 | |
| Lesser Clarity Potion | 1 | |
| Scroll of Speed | 3 | |
| Orb of Lightning | 1 | |
| Scroll of Town Portal | 3 | |
10 total

»
brucewillisusa (
orange | 57 APM | 1813 actions | 32:02)
7 Pandaren Brewmaster
3 Breath of Fire
3 Drunken Haze
1 Storm Earth and Fire
» actions
| Assign group hotkey | 22 | |
| Basic commands | 8 | |
| Build / train | 53 | |
| ESC pressed | 2 | |
| Enter build submenu | 37 | |
| Enter hero's abilities submenu | 8 | |
| Give item / drop item | 4 | |
| Right click | 920 | |
| Select / deselect | 199 | |
| Select group hotkey | 393 | |
| Use ability | 167 | |
1813 total
» units
» upgrades
| Nature's Blessing | 1 | |
| Well Spring | 1 | |
2 total
» buildings
| Moon Well | 41 | |
| Altar of Elders | 1 | |
| Tree of Ages | 1 | |
| Tree of Eternity | 2 | |
| Hunter's Hall | 1 | |
| Tree of Life | 2 | |
| Ancient of Wonders | 1 | |
49 total
» build order
00:12 Moon Well
00:47 Moon Well
00:53 Altar of Elders
01:24 Moon Well
01:54 Moon Well
02:31 Moon Well
02:32 Moon Well
02:47 Moon Well
03:15 Moon Well
03:41 Tree of Ages
04:13 Moon Well
04:17 Moon Well
05:50 Moon Well
05:51 Moon Well
05:55 Moon Well
05:56 Moon Well
07:12 Tree of Eternity
07:12 Tree of Eternity
08:03 Hunter's Hall
09:21 Moon Well
09:22 Moon Well
09:23 Moon Well
09:42 Moon Well
09:42 Moon Well
09:43 Moon Well
11:15 Moon Well
11:16 Moon Well
11:19 Moon Well
11:22 Moon Well
12:32 Tree of Life
13:16 Moon Well
13:16 Moon Well
13:17 Moon Well
13:18 Moon Well
13:20 Moon Well
14:29 Moon Well
14:34 Ancient of Wonders
16:30 Tree of Life
16:40 Moon Well
16:41 Moon Well
16:42 Moon Well
16:42 Moon Well
16:43 Moon Well
16:43 Moon Well
16:44 Moon Well
17:48 Moon Well
25:59 Moon Well
26:01 Moon Well
26:01 Moon Well
» items
| Boots of Speed | 1 | |
| Staff of Teleportation | 1 | |
| Circlet of Nobility | 1 | |
| Potion of Invisibility | 2 | |
| Orb of Lightning | 2 | |
| Tiny Great Hall | 1 | |
| Scroll of Town Portal | 4 | |
12 total
team 2 (loser)
Menuz (
pink | 72 APM | 2265 actions | 31:28)
5 Death Knight
3 Death Coil
2 Unholy Aura
» actions
| Assign group hotkey | 41 | |
| Basic commands | 69 | |
| Build / train | 81 | |
| ESC pressed | 17 | |
| Enter build submenu | 46 | |
| Enter hero's abilities submenu | 5 | |
| Right click | 1077 | |
| Select / deselect | 518 | |
| Select group hotkey | 283 | |
| Use ability | 128 | |
2265 total
» units
| Acolyte | 38 | |
| Ghoul | 5 | |
| Crypt Fiend | 6 | |
| Goblin Zeppelin | 1 | |
| Goblin Shredder | 1 | |
| Frost Wyrm | 4 | |
55 total
» upgrades
| Creature Attack | 2 | |
| Burrow | 1 | |
| Web | 1 | |
4 total
» buildings
| Ziggurat | 24 | |
| Crypt | 1 | |
| Graveyard | 2 | |
| Tomb of Relics | 1 | |
| Altar of Darkness | 1 | |
| Nerubian Tower | 4 | |
| Halls of the Dead | 1 | |
| Necropolis | 5 | |
| Spirit Tower | 8 | |
| Black Citadel | 1 | |
| Sacrificial Pit | 1 | |
| Boneyard | 2 | |
51 total
» build order
00:09 Ziggurat
00:13 Crypt
00:41 Graveyard
00:52 Graveyard
01:18 Tomb of Relics
01:35 Altar of Darkness
02:03 Ziggurat
02:54 Ziggurat
02:56 Nerubian Tower
05:22 Halls of the Dead
05:36 Necropolis
06:03 Ziggurat
06:25 Spirit Tower
06:44 Necropolis
07:07 Necropolis
07:55 Black Citadel
08:49 Ziggurat
08:50 Ziggurat
08:51 Ziggurat
08:52 Ziggurat
08:53 Ziggurat
09:46 Spirit Tower
09:47 Spirit Tower
09:47 Spirit Tower
09:49 Ziggurat
09:56 Nerubian Tower
10:57 Sacrificial Pit
13:21 Boneyard
13:24 Nerubian Tower
14:13 Boneyard
14:15 Ziggurat
15:31 Ziggurat
15:32 Ziggurat
15:33 Ziggurat
15:34 Ziggurat
15:38 Ziggurat
15:39 Ziggurat
15:55 Spirit Tower
15:57 Nerubian Tower
16:07 Spirit Tower
17:06 Ziggurat
17:07 Ziggurat
17:08 Ziggurat
17:53 Spirit Tower
19:51 Necropolis
20:14 Spirit Tower
22:49 Necropolis
24:40 Ziggurat
24:41 Ziggurat
24:42 Ziggurat
24:43 Ziggurat
» items
mosman (
red | 30 APM | 958 actions | 32:00)
5 Death Knight
3 Death Coil
2 Unholy Aura
1 Dreadlord
1 Sleep
» actions
| Assign group hotkey | 16 | |
| Basic commands | 25 | |
| Build / train | 59 | |
| Enter build submenu | 23 | |
| Enter hero's abilities submenu | 6 | |
| Right click | 409 | |
| Select / deselect | 204 | |
| Select group hotkey | 155 | |
| Use ability | 61 | |
958 total
» units
| Acolyte | 11 | |
| Ghoul | 5 | |
| Crypt Fiend | 7 | |
| Frost Wyrm | 5 | |
| Meatwagon | 6 | |
| Abomination | 2 | |
36 total
» upgrades
| Web | 1 | |
| Creature Attack | 2 | |
| Freezing Breath | 1 | |
| Burrow | 1 | |
5 total
» buildings
| Ziggurat | 12 | |
| Crypt | 1 | |
| Graveyard | 1 | |
| Altar of Darkness | 1 | |
| Tomb of Relics | 1 | |
| Nerubian Tower | 1 | |
| Halls of the Dead | 1 | |
| Spirit Tower | 3 | |
| Sacrificial Pit | 1 | |
| Black Citadel | 1 | |
| Slaughterhouse | 2 | |
| Boneyard | 2 | |
| Necropolis | 1 | |
28 total
» build order
00:15 Ziggurat
00:21 Crypt
00:40 Graveyard
01:00 Altar of Darkness
01:17 Ziggurat
02:01 Tomb of Relics
02:24 Nerubian Tower
02:48 Ziggurat
03:54 Halls of the Dead
04:19 Ziggurat
05:31 Spirit Tower
06:22 Sacrificial Pit
06:28 Black Citadel
08:02 Slaughterhouse
09:09 Boneyard
09:11 Boneyard
12:16 Ziggurat
12:27 Ziggurat
13:21 Necropolis
20:33 Ziggurat
20:35 Ziggurat
20:35 Ziggurat
20:36 Ziggurat
22:05 Spirit Tower
22:32 Spirit Tower
22:47 Slaughterhouse
26:12 Ziggurat
26:13 Ziggurat
» items
| Rod of Necromancy | 1 | |
| Dust of Appearance | 1 | |
| Potion of Healing | 1 | |
| Orb of Corruption | 1 | |
4 total
Chat log
(00:01 / Allies) brucewillisusa: ne
(00:04 / Allies) brucewillisusa: pandas
(00:25 / All) brucewillisusa: i smoke weed every day of my life
(00:30 / All) brucewillisusa: its why im so bad at this game
(00:36 / All) brucewillisusa: thoughts?
(00:49 / All) Menuz: thank you for that thrilling peice of information
(00:57 / Allies) brucewillisusa: first tower by tree
(01:47 / Allies) brucewillisusa: ur base need tower
(01:57 / Allies) avid.milk2: no wood
(02:11 / Allies) brucewillisusa: panda soon
(02:26 / Allies) avid.milk2: just started altar :****(((((
(02:52 / Allies) brucewillisusa: guess ill just stand here then
(03:04 / Allies) avid.milk2: anyu wood?
(03:29 / Allies) brucewillisusa: quit?
(03:33 / Allies) brucewillisusa: i vote quit
(03:35 / Allies) avid.milk2: i have no burrow
(03:39 / Allies) brucewillisusa: yeah i saw
(03:54 / Allies) avid.milk2: they are not that good
(04:02 / Allies) brucewillisusa: they manage to make heros
(04:05 / Allies) brucewillisusa: so far thats 2-1 them
(04:08 / Allies) brucewillisusa: haeuhaeuheauheauehauehae
(04:27 / Allies) brucewillisusa: well i have work to do
(06:15 / Allies) brucewillisusa: lets try that
(06:16 / Allies) brucewillisusa: u tank
(06:21 / Allies) brucewillisusa: make sure to hit all with breath
(07:19 / Allies) brucewillisusa: towa dat if u can
(07:30 / Allies) brucewillisusa: god what hte fuck
(07:47 / All) Menuz: yw
(08:09 / Allies) avid.milk2: he hax
(08:24 / All) Menuz: ty
(09:12 / All) brucewillisusa: hack more scum
(09:13 / Allies) brucewillisusa: get boots staff
(09:25 / All) Menuz: it's called scouting
(09:30 / All) avid.milk2: a random corner
(09:33 / All) brucewillisusa: its called sprinting to some peons
(09:33 / All) avid.milk2: with your whole army
(09:34 / All) Menuz: you've creep jacked me 3 times. Should I say the same to you?
(09:58 / Allies) brucewillisusa: get bats
(09:59 / Allies) brucewillisusa: they got wyrms
(10:01 / Allies) brucewillisusa: also get shops and iter 3
(11:54 / Allies) brucewillisusa: heal
(11:57 / Allies) brucewillisusa: then lets go hit peons or something
(12:18 / Allies) avid.milk2: gold?
(12:34 / Allies) brucewillisusa: staff me
(12:35 / Allies) avid.milk2: wood?
(12:38 / Allies) brucewillisusa: staff me
(12:43 / Allies) brucewillisusa: go acos
(13:01 / Allies) brucewillisusa: out
(13:05 / Allies) brucewillisusa: acos there
(13:09 / Allies) brucewillisusa: get t3 armor
(13:41 / Allies) brucewillisusa: towas
(14:31 / Allies) avid.milk2: wood?
(14:39 / Allies) avid.milk2: this is a waste of time
(14:44 / Allies) avid.milk2: killing a mian
(14:46 / Allies) brucewillisusa: ya
(15:15 / Allies) avid.milk2: gold?
(15:28 / Allies) brucewillisusa: staf me
(15:34 / Allies) avid.milk2: cooldown
(15:34 / Allies) brucewillisusa: or no
(15:35 / Allies) brucewillisusa: walk
(15:35 / Allies) avid.milk2: gotta run
(15:37 / Allies) brucewillisusa: u need it to get out
(16:28 / All) Menuz: how do we win this!?
(16:30 / All) Menuz: so gay
(16:32 / All) brucewillisusa: hack more
(16:44 / All) Menuz: you're so right. I hack so much
(16:53 / All) brucewillisusa: u suck noob
(16:59 / All) brucewillisusa: where is your army righ tnow?
(17:00 / All) brucewillisusa: rofl jerking off?
(17:18 / All) Menuz: I dont have an army. only panda
(17:19 / Allies) brucewillisusa: there next
(17:25 / All) brucewillisusa: im at 80 food
(17:27 / All) brucewillisusa: ^6
(17:28 / All) brucewillisusa: ^^
(17:30 / Allies) avid.milk2: need wood
(17:30 / All) brucewillisusa: wana see it?
(17:35 / All) brucewillisusa: ur wanna see more panda?
(17:51 / Allies) brucewillisusa: t3 orc armor plz
(18:23 / All) brucewillisusa: i put on the one ring
(18:27 / Allies) brucewillisusa: RFUCK
(18:32 / All) brucewillisusa: damn
(18:38 / All) brucewillisusa: a ring wraith
(18:42 / All) brucewillisusa: naturally he could see me
(18:57 / Allies) brucewillisusa: try to bat wyrms away from fiend
(19:02 / Allies) brucewillisusa: gonna bneed >3 bats
(19:22 / Allies) brucewillisusa: tp out
(19:24 / Allies) brucewillisusa: dont get nuekd liek em
(19:28 / Allies) brucewillisusa: tp out
(19:50 / Allies) avid.milk2: bottom bnase again
(19:53 / Allies) avid.milk2: when u can
(20:18 / Allies) brucewillisusa: ill staff u in 5 secs
(20:23 / Allies) brucewillisusa: nvm they my base
(20:47 / Allies) brucewillisusa: bribng bats to my base
(20:56 / Allies) brucewillisusa: u could get his zepp
(20:58 / Allies) brucewillisusa: bring bats my base
(21:00 / Allies) brucewillisusa: do it at once!!!
(21:14 / Allies) brucewillisusa: its not full now
(21:19 / Allies) avid.milk2: bats at ur main
(21:35 / Allies) brucewillisusa: pinks last base
(22:21 / Allies) brucewillisusa: im going to gget that zepp
(22:24 / Allies) brucewillisusa: it will be many good
(22:31 / Allies) avid.milk2: do eet
(22:34 / Allies) avid.milk2: zepp is here
(22:37 / Allies) avid.milk2: see attop
(24:24 / Allies) avid.milk2: im 5
(24:24 / Allies) brucewillisusa: ned a zpe
(24:28 / Allies) avid.milk2: o
(25:47 / Allies) brucewillisusa: thats game for pink
(26:24 / All) brucewillisusa: lol it hits those too
(26:58 / All) brucewillisusa: whou would have thought a strat could beat MASS WYRM
(27:03 / All) brucewillisusa: they should FIX THAT
(28:45 / All) brucewillisusa: lol
(28:54 / Allies) avid.milk2: donate me some gold
(29:48 / Allies) brucewillisusa: siege
(30:37 / All) brucewillisusa: lokl
(30:39 / All) brucewillisusa: thats ur own guy!
(31:02 / All) brucewillisusa: ur drealdord!!!!
(31:16 / All) brucewillisusa: needz more wryms!!!
(31:33 / All) brucewillisusa: l0l